 Dungeon Crawl Stone Soup version 0.27.1-3-gb3d3a73c9e (webtiles) character file.

Game seed: 4478266594967264853

3403 belegose the Skirmisher (level 10, -2/77 HPs)
             Began as a Merfolk Abyssal Knight on Oct 22, 2021.
             Was an Elder of Lugonu.
             Succumbed to an orc warrior's poison
             ... on level 8 of the Dungeon.
             The game lasted 00:23:02 (11466 turns).

belegose the Skirmisher (Merfolk Abyssal Knight)   Turns: 11466, Time: 00:23:02

Health: -2/77      AC:  8    Str: 14    XL:     10   Next: 4%
Magic:  14/14      EV: 14    Int: 17    God:    Lugonu [****..]
Gold:   250        SH:  6    Dex: 19    Spells: 7/9 levels left

rFire    . . .     SeeInvis .   a - +8 trident of Uneagoiczo {holy, Int+3}
rCold    + . .     Faith    .   f - +0 buckler
rNeg     . . .     Spirit   .   I - +1 leather armour {rC+}
rPois    .         Reflect  .   w - +0 helmet
rElec    .         Harm     .   B - +0 cloak
rCorr    .         Rampage  .   m - +1 pair of gloves
Will     +....                  (no boots)
Stlth    +++.......             (no amulet)
HPRegen  0.22/turn              k - ring of willpower
MPRegen  0.14/turn              o - +6 ring of dexterity

@: lethally poisoned (-2 -> -31)
A: (nimble swimmer 2), mertail
a: Renounce Religion, Depart the Abyss, Bend Space, Banish, Corrupt


You were on level 8 of the Dungeon.
You worshipped Lugonu.
Lugonu was greatly pleased with you.
You visited 2 branches of the dungeon, and saw 9 of its levels.
You visited the Abyss 1 time.

You collected 310 gold pieces.
You spent 60 gold pieces at shops.

Inventory:

Hand Weapons
 a - the +8 trident of Uneagoiczo (weapon) {holy, Int+3}
   (You found it on level 6 of the Dungeon)

   It has been blessed by the Shining One to cause great damage to the undead
   and demons.
   Int:       It affects your intelligence (+3).
 b - a +1 short sword of venom
 j - a +0 hunting sling
 A - a +1 falchion
Missiles
 i - 143 stones
 t - 2 silver boomerangs
 v - 4 poisoned darts (quivered)
 H - 6 boomerangs
Armour
 f - a +0 buckler (worn)
 m - a +1 pair of gloves (worn)
 w - a +0 helmet (worn)
 B - a +0 cloak (worn)
 I - a +1 leather armour of cold resistance (worn)
Magical Staves
 G - a staff of air
Jewellery
 k - a ring of willpower (left hand)
 n - a ring of wizardry
 o - a +6 ring of dexterity (right hand)
 q - a ring of flight
 C - the ring "Kumiroysk" {rF- Int+5 SInv}
   (You found it on level 6 of the Dungeon)

   [ring of see invisible]

   Int:       It affects your intelligence (+5).
   rF:        It makes you vulnerable to fire.
   SInv:      It lets you see invisible.
Wands
 r - a wand of iceblast (6)
 s - a wand of acid (15)
 x - a wand of flame (5)
Scrolls
 c - 6 scrolls of teleportation
 d - 2 scrolls of identify
 e - a scroll of fog
 l - 2 scrolls of fear
 p - a scroll of blinking
 y - a scroll of silence
 E - a scroll of amnesia {unknown}
Potions
 g - 4 potions of curing
 h - 2 potions of ambrosia
 u - 2 potions of brilliance
 z - a potion of lignification
 D - a potion of resistance {unknown}
 F - a potion of flight {unknown}
 J - a potion of might {unknown}


   Skills:
 + Level 6.6 Fighting
 - Level 3.9(4.5) Short Blades
 - Level 3.0(3.8) Long Blades
 + Level 4.5 Polearms
 + Level 3.5 Throwing
 + Level 2.7 Armour
 - Level 5.3 Dodging
 + Level 5.9 Stealth
 - Level 4.0 Shields
 + Level 6.1 Invocations
 + Level 4.7 Evocations


You had 7 spell levels left.
You knew the following spells:

 Your Spells              Type           Power      Damage    Failure   Level
a - Poisonous Vapours     Pois/Air       0%         N/A       41%         2

Your spell library contained the following spells:

 Spells                   Type           Power      Damage    Failure   Level
 Sandblast                Erth           0%         2d4       28%         1
 Sting                    Tmut/Pois      0%         1d3       28%         1
 Passwall                 Tmut/Erth      0%         N/A       41%         2
 Slow                     Hex            0%         N/A       41%         2
 Confusing Touch          Hex            0%         N/A       65%         3
 Olgreb's Toxic Radiance  Pois           0%         N/A       96%         4
 Summon Lightning Spire   Summ/Air       0%         N/A       96%         4
 Fireball                 Conj/Fire      0%         3d3       100%        5
 Lee's Rapid Deconstruct  Erth           0%         3d5*      100%        5
 Yara's Violent Unravell  Hex/Tmut       0%         3d3       100%        5
 Starburst                Conj/Fire      0%         6d3       100%        6
 Storm Form               Tmut/Air       0%         N/A       100%        7
 Ignition                 Fire           0%         3d3       100%        8
 Maxwell's Capacitive Co  Air            0%         ∞         100%        8


Dungeon Overview and Level Annotations

Branches:
Dungeon (8/15)             Temple (1/1) D:5
   Lair: D:8-11

Altars:
Kikubaaqudgha
Wu Jian
Zin

Shops:
D:1 ?   D:4 ?   D:7 *

Annotations:
D:6 3 runed translucent doors, exclusion: 7 doors, Whoops's ghost, amateur DjFi


Innate Abilities, Weirdness & Mutations

((You are quick and stealthy near water. (Stealth+, EV+, Speed+++)))
Your lower body shifts to a powerful aquatic tail in water.


Message History

The orc barely misses you.
You completely miss the orc.
The orc is moderately wounded.
The orc misses you.
You puncture the orc!
You kill the orc!
Lugonu accepts your kill.
You are already wielding that!
You block the orc priest's attack.
You closely miss the orc priest.
The orc warrior hits you with a +1 halberd of venom!
The orc priest barely misses you.
You puncture the orc priest!
You kill the orc priest!
Lugonu accepts your kill. The orc warrior barely misses you.
You puncture the orc warrior!
The orc warrior is moderately wounded.
The orc warrior misses you.
You closely miss the orc warrior.
The orc warrior is moderately wounded.
The orc warrior hits you with a +1 halberd of venom!
You are poisoned.
You puncture the orc warrior!
The orc warrior is heavily wounded.
You feel very sick.
The orc warrior hits you with a +1 halberd of venom!
You feel sick.
The orc warrior hits you from afar with a +1 halberd of venom!
You are more poisoned.
Things that are here:
a +0 flail; a +0 leather armour; an orc corpse
* * * LOW HITPOINT WARNING * * *
You feel very sick.
You feel very sick.
You feel very sick.
The orc warrior hits you from afar with a +1 halberd of venom!
* * * LOW HITPOINT WARNING * * *
You are more poisoned.
You die...

#....#..#....#....###....##
#...#....#...#....#.......#
#..#..##..#).#....#.......#
#.#...##...#.#....#.......#
##........÷)##....#.......#
######.....o#....#.......#
##.....#....#.......#
#######.....##############
#.†.........@...........#
#.###...............)...#
#.#⌠##..................#
#.'..##.................#
###⌠..##................#
##5..##.............).#
#..⌠#.o.............#
.>.#...............#####
..⌠##......#####........


You could see an orc warrior and an orc priest (wandering).

Vanquished Creatures
  Pikel (D:5)
  A wyvern (D:8)
  A wraith (D:7)
  An acid dragon (D:8)
  A water moccasin (D:5)
  2 ice beasts
  An orc warrior (D:6)
  2 sky beasts
  2 ogres (D:6)
  3 centaurs
  2 necrophages
  A kobold brigand (D:7)
  A lemure (D:5)
  A bullfrog (D:7)
  2 scorpions (D:7)
  2 wyvern skeletons
  5 killer bees (D:8)
  4 howler monkeys
  A centaur zombie (D:8)
  4 bullfrog skeletons
  3 orc priests
  A centaur skeleton (D:7)
  A hound (D:6)
  3 iguanas
  6 orc wizards
  3 hound skeletons
  A howler monkey zombie (D:7)
  2 adders
  2 white imps
  3 adder skeletons (D:2)
  A worm (D:1)
  2 dart slugs
  13 orcs
  4 ball pythons
  A bat skeleton (D:2)
  A bat zombie (D:2)
  6 endoplasms
  6 giant cockroaches
  4 goblins
  8 hobgoblins
  12 kobolds
  3 quokkas
  A ball python skeleton (D:2)
  A ball python zombie (D:2)
  17 bats
  5 frilled lizards
  5 rats
153 creatures vanquished.

Notes
Turn   | Place    | Note
-------+----------+-------------------------------------------
     0 | Abyss:1  | belegose the Merfolk Abyssal Knight began the quest for the
                  | Orb.
     0 | Abyss:1  | Reached XP level 1. HP: 18/18 MP: 2/2
   118 | Abyss:3  | Found a corrupted altar of Lugonu.
   136 | Abyss:3  | Noticed an iron dragon zombie
   141 | Abyss:3  | Noticed a hell knight
   141 | Abyss:3  | Noticed a necromancer
   141 | Abyss:3  | Noticed a hell knight
   141 | Abyss:3  | Noticed a necromancer
   141 | Abyss:3  | Noticed a necromancer
   141 | D:1      | Escaped the Abyss
   434 | D:1      | Reached XP level 2. HP: 17/24 MP: 3/3
   725 | D:1      | Found Ragyeridu's Magic Scroll Boutique.
  1083 | D:1      | Reached * piety under Lugonu
  1084 | D:1      | Reached skill level 1 in Stealth
  1313 | D:1      | Found a faded altar of an unknown god.
  1537 | D:2      | Reached XP level 3. HP: 23/29 MP: 4/4
  1643 | D:1      | Reached skill level 1 in Shields
  1948 | D:2      | Reached XP level 4. HP: 28/37 MP: 5/5
  2383 | D:2      | Reached ** piety under Lugonu
  2972 | D:3      | Reached XP level 5. HP: 40/42 MP: 7/7
  4199 | D:4      | Found Gaaz's Magic Scroll Emporium.
  4203 | D:4      | Bought a scroll of noise for 10 gold pieces
  4203 | D:4      | Bought a scroll of teleportation for 30 gold pieces
  4296 | D:1      | Bought a scroll of identify for 20 gold pieces
  4367 | D:5      | Entered Level 5 of the Dungeon
  4607 | D:4      | Reached skill level 1 in Short Blades
  4871 | D:4      | Reached XP level 6. HP: 45/48 MP: 8/8
  5357 | D:5      | Reached skill level 1 in Evocations
  5420 | D:5      | Noticed a water moccasin
  5440 | D:5      | Killed a water moccasin
  5891 | D:5      | Reached XP level 7. HP: 18/55 MP: 9/9
  6707 | D:5      | Noticed Pikel
  6735 | D:5      | Killed Pikel
  6736 | D:5      | Reached skill level 5 in Fighting
  6736 | D:5      | Reached skill level 5 in Dodging
  6736 | D:5      | Reached XP level 8. HP: 40/62 MP: 9/11
  6885 | D:5      | Found a staircase to the Ecumenical Temple.
  6896 | Temple   | Entered the Ecumenical Temple
  7126 | D:5      | Found a glowing silver altar of Zin.
  7650 | D:6      | Reached skill level 1 in Armour
  7659 | D:6      | Reached skill level 1 in Throwing
  7961 | D:6      | Identified the +8 trident of Uneagoiczo {holy, Int+3}
  7993 | D:6      | Found an ornate altar of the Wu Jian Council.
  8044 | D:6      | Found an ancient bone altar of Kikubaaqudgha.
  8118 | D:6      | Reached skill level 5 in Invocations
  8127 | D:6      | Reached skill level 1 in Polearms
  8127 | D:6      | Reached XP level 9. HP: 41/68 MP: 12/12
  8358 | D:6      | Reached *** piety under Lugonu
  8483 | D:6      | Found a runed translucent gate.
  8483 | D:6      | Found a runed translucent gate.
  8483 | D:6      | Found a runed translucent gate.
  8484 | D:6      | Noticed Whoops's ghost (amateur DjFi)
  8578 | D:6      | Identified the ring "Kumiroysk" {rF- Int+5 SInv}
  8847 | D:7      | Found Uxexess's Assorted Antiques.
  8991 | D:7      | Reached skill level 5 in Stealth
 10256 | D:7      | Learned a level 2 spell: Poisonous Vapours
 11178 | D:8      | Reached XP level 10. HP: 69/77 MP: 14/14
 11251 | D:8      | Reached **** piety under Lugonu
 11466 | D:8      | Succumbed to an orc warrior's poison

Illustrated notes

Levels and vault maps discovered:
D:1:      mainiacjoe_arrival_reflecting_pool, layout_loops_corners,
          serial_shops, nicolae_diamond_shop,
          shapermc_ecumenical_altar_mp_vishouse
D:2:      layout_basic, serial_undead, serial_undead_a, serial_undead_b,
          serial_undead_e, serial_undead_a, serial_undead_e, serial_undead_d
D:3:      layout_loops_cross, minmay_vboxes
D:4:      layout_basic, serial_shops, nicolae_diamond_shop
D:5:      layout_loops_ring, zin_treasury, minmay_temple_entry_wispy, uniq_pikel
D:6:      layout_loops_ring, kiku_gazebo_pond_becter,
          mainiacjoe_overflow_six_doors_small, gammafunk_ghost_necromancy,
          minmay_misc_feat_nine_boxes, kennysheep_opposing_triangles
D:7:      layout_loops_ring, serial_shops, shop_fountains
D:8:      layout_gridville, slow_altar_1, nrook_loot_triangle, minivault_26,
          roderic_batcave, grunt_ministairs_8
Temple:   minmay_temple_bridge_d

Skill      XL: |  1  2  3  4  5  6  7  8  9 |
---------------+----------------------------+-----
Stealth        | 1 2 3 4 5 |  5.9
Dodging        | 3 4 5 |  5.3
Shields        | 1 2 3 4 |  4.0
Long Blades    | 3 |  3.0
Fighting       | 4 5 6 |  6.6
Invocations    | 3 4 5 6 |  6.1
Short Blades   | 1 2 3 |  3.9
Evocations     | 1 2 3 4 |  4.7
Armour         | 1 2 |  2.7
Throwing       | 1 3 |  3.5
Polearms       | 1 4 |  4.5

Action                   |  1- 3 |  4- 6 |  7- 9 | 10-12 || total
-------------------------+-------+-------+-------+-------++-------
Melee: Falchion          |    84 |    79 |    39 |       ||   202
       Short sword       |       |    96 |   188 |     3 ||   287
       Trident           |       |       |    84 |    23 ||   107
Throw: Boomerang         |       |     5 |       |       ||     5
       Dart              |       |       |     2 |       ||     2
Invok: Depart the Abyss  |     1 |       |       |       ||     1
Evoke: Wand              |       |     3 |     1 |       ||     4
  Use: Potion            |       |     1 |       |       ||     1
       Scroll            |       |       |     9 |       ||     9
 Stab: Sleeping          |       |     4 |     7 |       ||    11
Armor: Leather armour    |    24 |    49 |    32 |     2 ||   107
       Ring mail         |       |       |    71 |       ||    71
       Skin              |       |       |     2 |       ||     2
Dodge: Dodged            |    50 |   103 |   163 |    19 ||   335
Block: Buckler           |    20 |    38 |    82 |     8 ||   148
       Rpst.: Falchion   |    21 |    20 |     5 |       ||    46
